AoeStats
← | ArCas | Ahsoka Tano

Black Forest

508753909Analyzed
4v4 RM · 7d ago on Sep 23, 2026· 44m 24s· 8 players
Game mode
Random Map
Map size
Large (8 player)
Population
200
Speed
Normal
Resources
Standard
Victory
Conquest
Starting age
Dark Age
Ending age
Imperial Age
RankedLock teamsTeams togetherTeam positionsShared explorationLock speedFull tech treeHidden civsTurbo modeCheats
Victory
Defeat
🇦🇷 Persians · Argentina
1464
+11
🇦🇷 Bohemians · Argentina
1330
+16
🇦🇷 Romans · Argentina
1276
+18
🇦🇷 Lithuanians · Argentina
1163
+23
🇺🇸 Tatars · United States
1358
-18
🇪🇸 Mongols · Spain
1329
-17
🇵🇪 Persians · Peru
1326
-17
🇲🇽 Britons · Mexico
1302
-16
Eduardo
0:28 Loom
11:21 Feudal Age
16:07 Castle Age
15:10 Double-Bit Axe
15:50 Horse Collar
18:27 Wheelbarrow
34:42 Imperial Age
32:07 Fletching
32:18 Padded Archer Armor
33:08 Bodkin Arrow
34:03 Leather Archer Armor
34:18 Crossbowman
35:04 Heated Shot
35:23 Arbalester
40:13 Ballistics
40:44 Ring Archer Armor
41:02 Pikeman
41:56 Forging
41:46 Scale Mail Armor
41:52 Scale Barding Armor
42:10 Squires
41:55 Arson
41:56 Gambesons
43:39 Chemistry
42:31 Halberdier
lcastillov22
10:18 Feudal Age
10:59 Double-Bit Axe
14:07 Wheelbarrow
17:02 Castle Age
15:46 Horse Collar
17:54 Hand Cart
18:06 Bow Saw
19:35 Heavy Plow
MaverickGG1403
10:33 Feudal Age
15:21 Castle Age
14:32 Double-Bit Axe
14:28 Horse Collar
14:38 Gold Mining
16:54 Bow Saw
21:26 Wheelbarrow
22:13 Stone Mining
25:40 Fletching
28:44 Imperial Age
27:25 Bodkin Arrow
27:52 Ballistics
31:24 Chemistry
32:10 Bracer
32:43 Hand Cart
33:28 Conscription
34:05 Murder Holes
35:24 Thumb Ring
35:44 Parthian Tactics
35:31 Bloodlines
35:22 Husbandry
36:46 Loom
36:47 Town Watch
39:09 Drill
38:10 Elite Mangudai
38:35 Capped Ram
39:28 Siege Ram
Vic
0:48 Loom
10:31 Feudal Age
21:13 Castle Age
19:59 Double-Bit Axe
25:30 Fletching
29:16 Horse Collar
31:02 Bow Saw
34:44 Imperial Age
32:25 Gold Mining
32:28 Stone Mining
32:32 Gold Mining
32:58 Bow Saw
33:31 Fortified Wall
33:37 Town Watch
33:53 Heavy Plow
34:30 Wheelbarrow
33:58 Gold Mining
35:49 Masonry
36:50 Siege Engineers
37:27 Silk Armor
37:40 Timurid Siegecraft
38:55 Conscription
41:06 Onager
42:59 Gold Shaft Mining
43:51 Bloodlines
Destruidora de Sueño
3:06 Loom
5:58 Loom
12:00 Feudal Age
15:56 Castle Age
13:50 Double-Bit Axe
14:47 Horse Collar
18:41 Bow Saw
22:01 Wheelbarrow
22:33 Heavy Plow
24:49 Hand Cart
25:10 Stone Mining
28:25 Scale Barding Armor
28:32 Forging
31:09 Imperial Age
29:30 Chain Barding Armor
29:29 Husbandry
29:40 Bloodlines
30:55 Iron Casting
31:35 Elite War Elephant
33:06 Conscription
33:31 Plate Barding Armor
33:57 Blast Furnace
32:23 Elite War Elephant
35:16 Murder Holes
43:25 Light Cavalry
MACGP40
11:54 Feudal Age
13:12 Double-Bit Axe
15:41 Castle Age
13:46 Horse Collar
14:43 Loom
16:38 Bow Saw
26:28 Wheelbarrow
28:39 Bloodlines
28:33 Husbandry
29:02 Scale Barding Armor
31:43 Imperial Age
29:55 Heavy Plow
30:09 Forging
30:08 Gold Mining
32:27 Iron Casting
32:11 Cavalier
34:48 Chain Barding Armor
34:53 Paladin
37:20 Plate Barding Armor
36:48 Padded Archer Armor
36:38 Fletching
36:45 Heated Shot
37:55 Elite Skirmisher
39:22 Thumb Ring
39:38 Leather Archer Armor
39:22 Bodkin Arrow
40:31 Chemistry
41:33 Ring Archer Armor
41:32 Ballistics
41:44 Conscription
45:46 Two-Man Saw
| ArCas | Ahsoka Tano
0:26 Loom
11:38 Feudal Age
15:39 Castle Age
14:39 Double-Bit Axe
17:40 Bow Saw
32:46 Imperial Age
32:49 Chemistry
Bitt
6:29 Loom
9:13 Feudal Age
9:33 Man-at-Arms
12:11 Scale Mail Armor
18:23 Double-Bit Axe
21:11 Wheelbarrow
24:06 Castle Age
23:18 Horse Collar
31:59 Ballistics
33:13 Bow Saw
33:10 Heavy Plow
41:32 Imperial Age
39:18 Hand Cart
41:40 Capped Ram
41:45 Heavy Scorpion
43:08 Siege Engineers
42:41 Siege Ram
Connection lost

Rejoining the realm…

Still unreachable

The connection could not be restored.

Session expired

The server has moved on; the page needs a fresh start.